AoeStats
← Panchito_Monroy

Arabia

505873348Analyzed
1v1 RM · 19d ago on Sep 11, 2026· 38m 30s· 2 players
Game mode
Random Map
Map size
Tiny (2 player)
Population
200
Speed
Normal
Resources
Standard
Victory
Conquest
Starting age
Dark Age
Ending age
Imperial Age
RankedLock teamsTeams togetherTeam positionsShared explorationLock speedFull tech treeHidden civsTurbo modeCheats
Victory
Defeat
🇭🇺 Mongols · Hungary
890
+17
🇺🇸 Slavs · United States
902
-17
drbrenneradam
5:25 Loom
9:22 Feudal Age
22:11 Fletching
25:49 Castle Age
24:06 Double-Bit Axe
24:04 Horse Collar
26:16 Gold Mining
26:05 Crossbowman
26:51 Thumb Ring
27:29 Bodkin Arrow
29:16 Wheelbarrow
28:53 Heavy Plow
29:52 Bow Saw
32:21 Ballistics
34:07 Hand Cart
34:18 Husbandry
34:28 Bloodlines
36:12 Scale Mail Armor
36:22 Forging
36:14 Padded Archer Armor
37:20 Masonry
37:10 Murder Holes
Panchito_Monroy
10:36 Feudal Age
11:36 Man-at-Arms
16:00 Horse Collar
16:18 Loom
18:35 Double-Bit Axe
24:17 Castle Age
23:49 Scale Mail Armor
25:50 Squires
29:00 Gold Mining
30:46 Town Watch
31:39 Wheelbarrow
31:32 Stone Mining
32:17 Heavy Plow
32:12 Pikeman
34:34 Bow Saw
36:08 Hand Cart
Connection lost

Rejoining the realm…

Still unreachable

The connection could not be restored.

Session expired

The server has moved on; the page needs a fresh start.